MID
GREENSBORO GRASSHOPPERS @ HARTFORD YARD GOATS
05/27/2044
 
TOP OF THE 1ST
Greensboro Grasshoppers batting - Pitching for Hartford Yard Goats : RHP Clay Redman
Pitching: RHP Clay Redman
Batting: RHB Tom Thompson 0-0: Called Strike
0-1: Ball
1-1: Called Strike
1-2: Foul Ball, location: 2F
1-2: Strikes out swinging
Batting: RHB Torquato Obawole 0-0: Called Strike
0-1: Called Strike
0-2: Foul Ball, location: 2F
0-2: Ball
1-2: Ball
2-2: Foul Ball, location: 2F
2-2: Fly out, F8 (Flyball, 8RS, EV 78.8 MPH)
Batting: RHB Isaiah Brockman 0-0: Ball
1-0: Ball
2-0: Ball
3-0: Base on Balls
Batting: RHB Jake Shelton 0-0: Foul Ball, location: 2F
0-1: Ball
1-1: Called Strike
1-2: Foul Ball, location: 2F
1-2: Strikes out swinging
Top of the 1st over - 0 runs, 0 hits, 0 errors, 1 left on base; Greensboro 0 - Hartford 0
BOTTOM OF THE 1ST
Hartford Yard Goats batting - Pitching for Greensboro Grasshoppers : RHP Earl Shepherd
Pitching: RHP Earl Shepherd
Batting: SHB Eddie Quinones 0-0: Ball
1-0: Swinging Strike
1-1: Swinging Strike
1-2: Ball
2-2: Ball
3-2: Foul Ball, location: 2F
3-2: Strikes out swinging
Batting: SHB Pete Perla 0-0: Ball
1-0: Called Strike
1-1: Foul Ball, location: 2F
1-2: Ball
2-2: Ball
3-2: Foul Ball, location: 2F
3-2: Base on Balls
Batting: SHB In-sung Lee 0-0: Ball
Pete Perla steals 2nd base
1-0: Ball
2-0: Ground out 4-3 (Groundball, 4, EV 85.0 MPH)
Pete Perla to third
Batting: RHB Justin Williams 0-0: Called Strike
0-1: Swinging Strike
0-2: Ball
1-2: Ground out U3 (Groundball, 3, EV 107.5 MPH)
Bottom of the 1st over - 0 runs, 0 hits, 0 errors, 1 left on base; Greensboro 0 - Hartford 0
TOP OF THE 2ND
Greensboro Grasshoppers batting - Pitching for Hartford Yard Goats : RHP Clay Redman
Batting: RHB Boof Howell 0-0: Called Strike
0-1: Ball
1-1: Called Strike
1-2: Fly out, F8 (Flyball, 8RD, EV 101.9 MPH)
Batting: RHB Masumitsu Sugiura 0-0: Ball
1-0: Ground out 4-3 (Groundball, 4, EV 97.5 MPH)
Batting: RHB Jordan Arcidez 0-0: Swinging Strike
0-1: Ball
1-1: Called Strike
1-2: Ground out 4-3 (Groundball, 4M, EV 86.9 MPH)
Top of the 2nd over - 0 runs, 0 hits, 0 errors, 0 left on base; Greensboro 0 - Hartford 0
BOTTOM OF THE 2ND
Hartford Yard Goats batting - Pitching for Greensboro Grasshoppers : RHP Earl Shepherd
Batting: LHB Jeremy Brammer 0-0: Called Strike
0-1: Ball
1-1: Swinging Strike
1-2: Strikes out looking
Batting: RHB Eric Garrett 0-0: Called Strike
0-1: Fly out, F7 (Flyball, 7LS, EV 90.6 MPH)
Batting: RHB Eric Delgado 0-0: Called Strike
0-1: Ball
1-1: Swinging Strike
1-2: Ball
2-2: SINGLE (Groundball, 6MD, EV 103.1 MPH)
Batting: RHB Steve Waltenbery 0-0: Foul Ball, location: 2F
0-1: Foul Ball, location: 2F
0-2: Ball
1-2: Ball
2-2: Hit by Pitch
Eric Delgado to second
Batting: LHB Mick Knopp 0-0: Ball
1-0: Ball
2-0: Ball
3-0: Base on Balls
Eric Delgado to third
Steve Waltenbery to second
Batting: SHB Eddie Quinones 0-0: Called Strike
0-1: Ball
1-1: Fly out, F9 (Flyball, 9S, EV 80.6 MPH)
Bottom of the 2nd over - 0 runs, 1 hit, 0 errors, 3 left on base; Greensboro 0 - Hartford 0
TOP OF THE 3RD
Greensboro Grasshoppers batting - Pitching for Hartford Yard Goats : RHP Clay Redman
Batting: RHB Wei-guo Tsu 0-0: Ball
1-0: Swinging Strike
1-1: Ball
2-1: Foul Ball, location: 2F
2-2: Foul Ball, location: 2F
2-2: Strikes out swinging
Batting: RHB Chris Riddick 0-0: Ball
1-0: SINGLE (Line Drive, 7LS, EV 88.8 MPH)
Batting: RHB Tom Thompson 0-0: Foul Ball, location: 2F
0-1: Ball
1-1: Ball
2-1: Ball
3-1: Base on Balls
Chris Riddick to second
Batting: RHB Torquato Obawole 0-0: Ball
1-0: Foul Ball, location: 2F
1-1: Called Strike
1-2: Foul Ball, location: 2F
1-2: Ball
2-2: Ball
3-2: Strikes out swinging
Batting: RHB Isaiah Brockman 0-0: Ball
1-0: Called Strike
1-1: Called Strike
1-2: Strikes out swinging
Top of the 3rd over - 0 runs, 1 hit, 0 errors, 2 left on base; Greensboro 0 - Hartford 0
BOTTOM OF THE 3RD
Hartford Yard Goats batting - Pitching for Greensboro Grasshoppers : RHP Earl Shepherd
Batting: SHB Pete Perla 0-0: Ball
1-0: Called Strike
1-1: Ball
2-1: Ball
3-1: Called Strike
3-2: Foul Ball, location: 2F
3-2: Base on Balls
Batting: SHB In-sung Lee 0-0: Ball
1-0: Ball
Pete Perla steals 2nd base
2-0: Ground out 5-3 (Groundball, 56S, EV 71.3 MPH)
Pete Perla to third
Batting: RHB Justin Williams 0-0: Ball
1-0: Ball
2-0: Ball
3-0: Called Strike
3-1: Base on Balls
Batting: LHB Jeremy Brammer 0-0: Ball
1-0: Ball
2-0: Ball
3-0: Called Strike
3-1: Base on Balls
Justin Williams to second
Batting: RHB Eric Garrett 0-0: Called Strike
0-1: Called Strike
0-2: Strikes out swinging
Batting: RHB Eric Delgado 0-0: Called Strike
0-1: Called Strike
0-2: Ball
1-2: Strikes out swinging
Bottom of the 3rd over - 0 runs, 0 hits, 0 errors, 3 left on base; Greensboro 0 - Hartford 0
TOP OF THE 4TH
Greensboro Grasshoppers batting - Pitching for Hartford Yard Goats : RHP Clay Redman
Batting: RHB Jake Shelton 0-0: Called Strike
0-1: Foul Ball, location: 2F
0-2: Strikes out swinging
Batting: RHB Boof Howell 0-0: Ball
1-0: SINGLE (Line Drive, 34, EV 111.3 MPH)
Batting: RHB Masumitsu Sugiura 0-0: Ball
1-0: Called Strike
1-1: Ball
2-1: Foul Ball, location: 2F
2-2: Fly out, F7 (Line Drive, 7, EV 101.9 MPH)
Batting: RHB Jordan Arcidez 0-0: Swinging Strike
0-1: Ball
Wild Pitch!
Boof Howell to second
1-1: Ball
2-1: Ball
3-1: Called Strike
3-2: Strikes out looking
Top of the 4th over - 0 runs, 1 hit, 0 errors, 1 left on base; Greensboro 0 - Hartford 0
BOTTOM OF THE 4TH
Hartford Yard Goats batting - Pitching for Greensboro Grasshoppers : RHP Earl Shepherd
Batting: RHB Steve Waltenbery 0-0: Ball
1-0: Called Strike
1-1: Swinging Strike
1-2: Fly out, F9 (Flyball, 89M, EV 89.4 MPH)
Batting: LHB Mick Knopp 0-0: Ball
1-0: Called Strike
1-1: Foul Ball, location: 2F
1-2: Ground out 4-3 (Groundball, 34, EV 101.3 MPH)
Batting: SHB Eddie Quinones 0-0: Swinging Strike
0-1: Ball
1-1: Foul Ball, location: 2F
1-2: Foul Ball, location: 2F
1-2: Fly out, F8 (Flyball, 8RD, EV 98.8 MPH)
Bottom of the 4th over - 0 runs, 0 hits, 0 errors, 0 left on base; Greensboro 0 - Hartford 0
TOP OF THE 5TH
Greensboro Grasshoppers batting - Pitching for Hartford Yard Goats : RHP Clay Redman
Batting: RHB Wei-guo Tsu 0-0: Ground out 6-3 (Groundball, 6, EV 105.6 MPH)
Batting: RHB Chris Riddick 0-0: Swinging Strike
0-1: Ball
1-1: Foul Ball, location: 2F
1-2: Ball
2-2: Ball
3-2: Base on Balls
Batting: RHB Tom Thompson 0-0: Swinging Strike
0-1: Called Strike
0-2: Strikes out looking
Batting: RHB Torquato Obawole 0-0: Ball
1-0: Ball
2-0: Ball
3-0: Called Strike
3-1: Called Strike
3-2: Foul Ball, location: 2F
3-2: Foul Ball, location: 2F
3-2: Ground out 4-3 (Groundball, 4, EV 111.3 MPH)
Top of the 5th over - 0 runs, 0 hits, 0 errors, 1 left on base; Greensboro 0 - Hartford 0
BOTTOM OF THE 5TH
Hartford Yard Goats batting - Pitching for Greensboro Grasshoppers : RHP Earl Shepherd
Batting: SHB Pete Perla 0-0: Ball
1-0: Foul Ball, location: 2F
1-1: Ball
2-1: Ball
3-1: Ground out 4-3 (Groundball, 4MD, EV 83.8 MPH)
Pitching: RHP Reinaart Meyer
Batting: SHB In-sung Lee 0-0: Ball
1-0: Called Strike
1-1: Swinging Strike
1-2: Strikes out swinging
Batting: RHB Justin Williams 0-0: Called Strike
0-1: Foul Ball, location: 2F
0-2: Ball
1-2: Ball
2-2: SINGLE (Groundball, P, EV 79.4 MPH) (infield hit)
Batting: LHB Jeremy Brammer 0-0: Called Strike
0-1: Foul Ball, location: 2F
0-2: Ball
1-2: Ball
2-2: Foul Ball, location: 2F
2-2: Foul Ball, location: 2F
2-2: Hit by Pitch
Justin Williams to second
Batting: RHB Eric Garrett 0-0: Fielders Choice at 2nd, 5-4 (Groundball, 56, EV 103.1 MPH)
Bottom of the 5th over - 0 runs, 1 hit, 0 errors, 2 left on base; Greensboro 0 - Hartford 0
TOP OF THE 6TH
Greensboro Grasshoppers batting - Pitching for Hartford Yard Goats : RHP Clay Redman
Pitching: RHP Tony Barragan
Batting: RHB Isaiah Brockman 0-0: Fly out, F8 (Flyball, 8LM, EV 90.6 MPH)
Batting: RHB Jake Shelton 0-0: Ball
1-0: Called Strike
1-1: SINGLE (Groundball, 56D, EV 98.8 MPH)
Batting: RHB Boof Howell 0-0: Ball
1-0: Foul Ball, location: 2F
1-1: Ball
2-1: Called Strike
2-2: Fielders Choice at 2nd, 3-6 (Groundball, 34S, EV 90.0 MPH)
Batting: RHB Masumitsu Sugiura 0-0: SINGLE (Line Drive, 56D, EV 94.4 MPH)
Boof Howell to second
Batting: RHB Jordan Arcidez 0-0: Ball
1-0: Called Strike
1-1: Swinging Strike
1-2: Strikes out swinging
Top of the 6th over - 0 runs, 2 hits, 0 errors, 2 left on base; Greensboro 0 - Hartford 0
BOTTOM OF THE 6TH
Hartford Yard Goats batting - Pitching for Greensboro Grasshoppers : RHP Reinaart Meyer
Batting: RHB Eric Delgado 0-0: Ball
1-0: Foul Ball, location: 2F
1-1: Foul Ball, location: 2F
1-2: Ball
2-2: Foul Ball, location: 2F
2-2: Ball
3-2: Strikes out swinging
Batting: RHB Steve Waltenbery 0-0: Ball
1-0: Foul Ball, location: 2F
1-1: TRIPLE (Line Drive, 78XD, EV 109.4 MPH)
Batting: LHB Mick Knopp 0-0: Called Strike
0-1: Ball
1-1: Called Strike
1-2: Ball
2-2: Foul Ball, location: 2F
2-2: 2-RUN HOME RUN (Flyball, 9D, EV 98.1 MPH), Distance : 365 ft
Pitching: RHP Chris Forster
Batting: SHB Eddie Quinones 0-0: Foul Ball, location: 2F
0-1: Ball
1-1: SINGLE (Groundball, 4MS, EV 71.3 MPH) (infield hit)
Batting: SHB Pete Perla 0-0: Ball
Eddie Quinones steals 2nd base
1-0: Called Strike
1-1: Ball
2-1: Foul Ball, location: 2F
2-2: Ball
3-2: Foul Ball, location: 2F
3-2: Foul Ball, location: 2F
3-2: Ground out 6-3 (Groundball, 6, EV 78.8 MPH)
Eddie Quinones to third
Batting: SHB In-sung Lee 0-0: Ball
1-0: Called Strike
1-1: Ball
2-1: Ground out 3-1 (Groundball, 34S, EV 82.5 MPH)
Bottom of the 6th over - 2 runs, 3 hits, 0 errors, 1 left on base; Greensboro 0 - Hartford 2
TOP OF THE 7TH
Greensboro Grasshoppers batting - Pitching for Hartford Yard Goats : RHP Tony Barragan
Pitching: RHP Nate Dallman
Batting: RHB Wei-guo Tsu 0-0: Ground out 6-3 (Groundball, 6, EV 96.9 MPH)
Batting: RHB Chris Riddick 0-0: Ball
1-0: Ball
2-0: Ground out 6-3 (Groundball, 6, EV 91.3 MPH)
Batting: RHB Tom Thompson 0-0: Called Strike
0-1: Called Strike
0-2: Foul Ball, location: 2F
0-2: Ball
1-2: Fly out, F3 (Popup, 34, EV 55.0 MPH)
Top of the 7th over - 0 runs, 0 hits, 0 errors, 0 left on base; Greensboro 0 - Hartford 2
BOTTOM OF THE 7TH
Hartford Yard Goats batting - Pitching for Greensboro Grasshoppers : RHP Chris Forster
Pitching: RHP Tim Poist
Batting: RHB Justin Williams 0-0: Ball
1-0: Foul Ball, location: 2F
1-1: Ball
2-1: Ball
3-1: Called Strike
3-2: Foul Ball, location: 2F
3-2: Foul Ball, location: 2F
3-2: Ground out U3 (Groundball, 3L, EV 98.1 MPH)
Batting: LHB Jeremy Brammer 0-0: SOLO HOME RUN (Flyball, 89XD, EV 107.5 MPH), Distance : 396 ft
Batting: RHB Eric Garrett 0-0: Swinging Strike
0-1: Foul Ball, location: 2F
0-2: Ball
1-2: Strikes out looking
Batting: RHB Eric Delgado 0-0: Swinging Strike
0-1: Ball
1-1: Called Strike
1-2: Ball
2-2: Foul Ball, location: 2F
2-2: Ground out 4-3 (Groundball, 34, EV 105.6 MPH)
Bottom of the 7th over - 1 run, 1 hit, 0 errors, 0 left on base; Greensboro 0 - Hartford 3
TOP OF THE 8TH
Greensboro Grasshoppers batting - Pitching for Hartford Yard Goats : RHP Nate Dallman
Now in LF: Kian-tat Chen
Now in CF: Mick Knopp
Batting: RHB Torquato Obawole 0-0: Swinging Strike
0-1: Ball
1-1: Swinging Strike
1-2: Ball
2-2: Strikes out swinging
Batting: RHB Isaiah Brockman 0-0: Ball
1-0: Fly out, F6 (Popup, 6MD, EV 42.5 MPH)
Batting: RHB Jake Shelton 0-0: Called Strike
0-1: Foul Ball, location: 2F
0-2: Ball
1-2: Ground out 6-3 (Groundball, 6, EV 82.5 MPH)
Top of the 8th over - 0 runs, 0 hits, 0 errors, 0 left on base; Greensboro 0 - Hartford 3
BOTTOM OF THE 8TH
Hartford Yard Goats batting - Pitching for Greensboro Grasshoppers : RHP Tim Poist
Batting: RHB Steve Waltenbery 0-0: Ball
1-0: Ground out 5-3 (Groundball, 5S, EV 88.1 MPH)
Batting: LHB Mick Knopp 0-0: Fly out, F8 (Flyball, 89XD, EV 110.0 MPH)
Batting: SHB Eddie Quinones 0-0: Ball
1-0: Ball
2-0: Swinging Strike
2-1: Foul Ball, location: 2F
2-2: Ball
3-2: Foul Ball, location: 2F
3-2: SINGLE (Flyball, 56D, EV 98.8 MPH)
Batting: SHB Pete Perla 0-0: Called Strike
Eddie Quinones steals 2nd base (no throw)
0-1: Ball
1-1: Foul Ball, location: 2F
1-2: Foul Ball, location: 2F
1-2: Ground out 4-3 (Groundball, 4MS, EV 85.6 MPH)
Bottom of the 8th over - 0 runs, 1 hit, 0 errors, 1 left on base; Greensboro 0 - Hartford 3
TOP OF THE 9TH
Greensboro Grasshoppers batting - Pitching for Hartford Yard Goats : RHP Nate Dallman
Pitching: LHP Greg Burngooch
Now at 1B: Brian Levensailor
Batting: RHB Boof Howell 0-0: Ball
1-0: Ball
2-0: Foul Ball, location: 2F
2-1: SINGLE (Line Drive, 78S, EV 94.4 MPH)
Batting: RHB Masumitsu Sugiura 0-0: Swinging Strike
0-1: Swinging Strike
0-2: Ball
1-2: Ball
2-2: Fielders Choice at 2nd, 4-6 (Groundball, 4, EV 80.0 MPH)
Batting: RHB Jordan Arcidez 0-0: Ball
1-0: Ball
2-0: Fielders Choice at 2nd, 5-4 (Groundball, 56S, EV 85.0 MPH)
Batting: RHB Wei-guo Tsu 0-0: Ball
1-0: Ball
2-0: Called Strike
2-1: Ball
3-1: Foul Ball, location: 2F
3-2: Strikes out looking
Top of the 9th over - 0 runs, 1 hit, 0 errors, 1 left on base; Greensboro 0 - Hartford 3
Thursday, March 31st , 2022 - OOTP Baseball 22.12 Build 89